 Dungeon Crawl Stone Soup version 0.18.1-48-g4cf74bf (webtiles) character file.

3196 TuxedoFelix the Cleaver (level 9, -5/82 HPs)
             Began as a Minotaur Berserker on July 15, 2016.
             Was an Initiate of Ru.
             Slain by a two-headed ogre
             ... wielding a +0 giant club
             ... created by the rage of Trog
              (8 damage)
             ... on level 5 of the Dungeon on July 16, 2016.
             The game lasted 00:43:07 (6283 turns).

TuxedoFelix the Cleaver (Minotaur Berserker)        Turns: 6283, Time: 00:43:10

Health: -5/82      AC: 16    Str: 24 (25) XL:     9   Next: 64%
Magic:  12/12      EV:  9    Int:  2      God:    Ru [......]
Gold:   284        SH:  0    Dex: 12      Spells: 0 memorised, 13 levels left

rFire  . . .     SeeInvis .     f - +1 mace (holy)
rCold  . . .     Gourm    +     r - +0 plate armour
rNeg   . . .     Faith    .     (no shield)
rPois  .         Spirit   .     (helmet restricted)
rElec  .         Dismiss  .     (no cloak)
rCorr  .         Reflect  .     l - +0 pair of gloves
SustAt .         Harm     .     (no boots)
MR     .....                    b - amulet of the gourmand
Stlth  ..........               (no ring)
                                (no ring)

@: about to teleport, not resistant to hostile enchantments, extremely
unstealthy
A: retaliatory headbutt, horns 2, icy blue scales 1, thin skeletal structure 1,
dopey 1
a: Renounce Religion


You were on level 5 of the Dungeon.
You worshipped Ru.
Ru was noncommittal.
You were not hungry.

You visited 2 branches of the dungeon, and saw 6 of its levels.

You collected 284 gold pieces.

Inventory:

Hand Weapons
 f - a +1 mace of holy wrath (weapon)
 p - a +0 hunting sling
Missiles
 g - 57 stones
 j - 3 javelins (quivered)
 n - 70 sling bullets
 x - 3 tomahawks
Armour
 l - a +0 pair of gloves (worn)
 r - a +0 plate armour (worn)
Jewellery
 b - an amulet of the gourmand (around neck)
 o - an uncursed ring of see invisible
 q - an uncursed ring of ice {unknown}
Scrolls
 e - a scroll of enchant armour {unknown}
 h - 4 scrolls of remove curse
 k - a scroll of random uselessness {unknown}
 s - a scroll of magic mapping {unknown}
 y - a scroll of fear {unknown}
Potions
 i - a potion of haste {unknown}
 u - 2 potions of mutation
 v - a potion of degeneration {unknown}
 A - a potion of cancellation {unknown}
Books
 C - a book of Misfortune

   Spells                             Type                      Level
   a - Confusing Touch                Hexes                        2
   b - Confuse                        Hexes                        3
   c - Gell's Gravitas                Hexes/Translocation          3
   d - Petrify                        Transmutation/Earth          4
   e - Metabolic Englaciation         Hexes/Ice                    5
   f - Yara's Violent Unravelling     Hexes/Transmutation          5
Miscellaneous
 B - a plain deck of defence {drawn: 1}
Comestibles
 c - 2 bread rations
 d - a beef jerky
 m - 5 meat rations


   Skills:
 + Level 8.6 Fighting
   Level 9.9 Axes
 + Level 4.7(5.6) Slings
 + Level 4.2(5.1) Throwing
 + Level 9.5 Armour
 + Level 6.0 Dodging
 + Level 3.9 Stealth
 + Level 4.7 Unarmed Combat
 + Level 2.9 Spellcasting
 + Level 3.8 Evocations


You had 13 spell levels left.
You didn't know any spells.

Dungeon Overview and Level Annotations

Branches:
Dungeon (5/15)             Temple (1/1) D:5

Altars:
Cheibriados
Dithmenos
Fedhas
Kikubaaqudgha
Makhleb
Nemelex Xobeh
Okawaru
Pakellas
Ru
Trog
Yredelemnul
Zin
The Shining One


Innate Abilities, Weirdness & Mutations

You reflexively headbutt those who attack you in melee.
You have a pair of horns on your head.
You are partially covered in icy blue scales (AC +1).
You have a somewhat thin skeletal structure (Dex +2, Stealth).
You are dopey. (Int -2)


Message History

There are monsters nearby!
You sock the black bear! You headbutt the black bear.
The black bear is moderately wounded.
You thump the black bear!
The black bear is heavily wounded.
The black bear bites you but does no damage.
The black bear closely misses you. x2
The two-headed ogre hits you with a giant club!!!
The two-headed ogre hits you with a giant club.
* * * LOW HITPOINT WARNING * * *
The ogre hits you with a giant spiked club!
* * * LOW HITPOINT WARNING * * *
Unknown command.
As you read the scroll of teleportation, it crumbles to dust.
You feel strangely unstable. The black bear barely misses you.
The black bear closely misses you. The black bear barely misses you.
The two-headed ogre hits you with a giant club!
* * * LOW HITPOINT WARNING * * *
The two-headed ogre hits you with a giant club!
You die...

##### # ## ...# ## ###.#.
.#. #.###. ..(#.#.._
...... ..((.#.#.... #.(#
...% # #..###O# #.
#...h@O# # .. ##.##### #
#.###.##.# #+## #
#.......######..## #
#####.##.≈≈≈.#...## #
##..##.≈≈≈≈#....##
########...#...≈≈≈#.....#
...............≈≈≈#.....+
..##.......##...≈≈#.....#


You could see a two-headed ogre (berserk), a black bear (berserk) and an ogre
(berserk).

Vanquished Creatures
  Grinder (D:5)
  Menkaure (D:4)
  An orc warrior (D:5)
  A phantom (D:3)
  An ogre (D:5)
  A giant frog (D:3)
  Blork the orc (D:5)
  A scorpion (D:5)
  2 crimson imps (D:5)
  A hound (D:4)
  3 orc wizards
  3 orc priests
  An iguana (D:4)
  3 worker ants
  9 adders
  A howler monkey skeleton (D:4)
  A river rat (D:5)
  An adder zombie (D:5)
  2 worms
  2 dart slugs (D:1)
  3 giant geckos (D:3)
  23 orcs
  3 giant cockroaches
  6 goblins
  10 hobgoblins
  10 jackals
  6 kobolds
  3 quokkas
  3 ball pythons
  4 bats
  A giant gecko skeleton (D:4)
  3 giant newts
  2 rats
114 creatures vanquished.

Notes
Turn   | Place    | Note
--------------------------------------------------------------
     0 | D:1      | TuxedoFelix the Minotaur Berserker began the quest for the Orb.
     0 | D:1      | Reached XP level 1. HP: 19/19 MP: 0/0
   128 | D:1      | Reached XP level 2. HP: 26/27 MP: 1/1
  1094 | D:2      | Reached XP level 3. HP: 33/33 MP: 2/2
  1260 | D:2      | Found a shadowy altar of Dithmenos.
  2357 | D:2      | Reached ** piety under Trog
  2394 | D:2      | Reached XP level 4. HP: 41/41 MP: 3/3
  3144 | D:3      | Reached XP level 5. HP: 29/47 MP: 4/4
  3149 | D:3      | Reached skill level 5 in Axes
  3180 | D:3      | Reached *** piety under Trog
  3180 | D:3      | Reached skill level 1 in Slings
  3403 | D:3      | Reached skill level 5 in Fighting
  3403 | D:3      | Reached XP level 6. HP: 29/56 MP: 5/5
  3856 | D:3      | Found an oddly glowing altar of Pakellas.
  3982 | D:4      | Noticed Menkaure
  4054 | D:4      | Killed Menkaure
  4054 | D:4      | Reached skill level 5 in Armour
  4054 | D:4      | Reached XP level 7. HP: 16/61 MP: 6/6
  4664 | D:4      | Found a sparkling altar of Nemelex Xobeh.
  4845 | D:5      | Entered Level 5 of the Dungeon
  4859 | D:5      | Reached skill level 5 in Dodging
  4859 | D:5      | Reached XP level 8. HP: 73/73 MP: 6/10
  4860 | D:5      | Reached XP level 9. HP: 82/82 MP: 6/12
  5258 | D:5      | Found a staircase to the Ecumenical Temple.
  5258 | D:5      | Noticed Blork the orc
  5259 | D:5      | Noticed Grinder
  5279 | D:5      | Gained mutation: You are dopey. (Int -2) [potion of mutation]
  5279 | D:5      | Gained mutation: You are partially covered in icy blue scales (AC +1). [potion of mutation]
  5279 | D:5      | Gained mutation: You have a somewhat thin skeletal structure (Dex +2, Stealth). [potion of mutation]
  5293 | D:5      | Killed Grinder
  5298 | D:5      | Killed Blork the orc
  5310 | D:5      | Reached * piety under Trog
  5446 | Temple   | Entered the Ecumenical Temple
  5515 | Temple   | Fell from the grace of Trog
  5515 | Temple   | Became a worshipper of Ru the Awakened
  6198 | D:5      | Found a snail-covered altar of Cheibriados.
  6283 | D:5      | HP: 3/82 [two-headed ogre/giant club[the rage of Trog] (8)]
  6283 | D:5      | Slain by a two-headed ogre

Skill      XL: |  1  2  3  4  5  6  7  8 |
---------------+-------------------------+-----
Fighting       | 4 5 7 8 |  8.6
Axes           | 4 5 8 9 |  9.9
Dodging        | 3 5 6 |  6.0
Armour         | 3 4 5 8 9 |  9.5
Slings         | 1 3 4 |  4.7
Throwing       | 3 4 |  4.2
Stealth        | 3 |  3.9
Unarmed Combat | 3 4 |  4.7
Spellcasting   | 2 |  2.9
Evocations     | 3 |  3.8

Action                   |  1- 3 |  4- 6 |  7- 9 || total
-------------------------+-------+-------+-------++-------
Melee: Hand axe          |    86 |   132 |    86 ||   304
       Headbutt          |    11 |    22 |    22 ||    55
       Mace              |       |       |    31 ||    31
       Punch             |       |       |     1 ||     1
 Fire: Hunting sling     |    21 |    38 |    14 ||    73
Throw: Javelin           |       |     1 |       ||     1
Invok: Trog's Hand       |       |     3 |       ||     3
       Berserk           |       |     1 |       ||     1
Evoke: Deck              |       |       |     1 ||     1
  Use: Scroll            |       |     6 |     3 ||     9
       Potion            |       |     2 |     3 ||     5
  Eat: Royal jelly       |     1 |       |     1 ||     2
       Meat ration       |     1 |       |     1 ||     2
       Bread ration      |       |     1 |       ||     1
Armor: Animal skin       |    11 |       |       ||    11
       Plate armour      |    39 |   105 |    69 ||   213
Dodge: Dodged            |    35 |    57 |    56 ||   148
